[Event "Titled Tuesday Blitz October 18 Late 2022"]
[White "Bortnyk, Mykola"]
[Black "Sadhwani, Raunak"]
[WhiteFideId "14120836"]
[BlackFideId "35093487"]
[WhiteElo "2582"]
[BlackElo "2656"]
[Result "1-0"]
[Round "10"]
[TimeControl "180+1"]
[Date "2022.10.18"]
[WhiteClock "0:00:09"]
[BlackClock "0:00:06"]

1. e4 c5 2. c3 Nf6 3. e5 Nd5 4. Nf3 e6 5. d4 cxd4 6. cxd4 d6 7. Bc4 Nc6 8. O-O Be7 9. Qe2 O-O 10. Nc3 Nxc3 11. bxc3 b6 12. exd6 Bxd6 13. Qe4 Bb7 14. Ng5 g6 15. Qh4 h5 16. Qh3 Ne7 17. g4 Qc8 18. gxh5 e5 19. Be6 fxe6 20. hxg6 Kg7 21. Qh7+ Kf6 22. g7 Rg8 23. Qh6+ Ng6 24. f4 e4 25. Nh7+ Kf7 26. f5 exf5 27. Qh5 Rxg7 28. Rxf5+ Ke8 29. Bh6 Qxc3 30. Bxg7 Qxa1+ 31. Rf1 Qxa2 32. Qxg6+ Kd7 33. Rf7+ Kc6 34. Qxe4+ Qd5 35. Qxd5+ Kxd5 36. Rxb7 Kc6 37. Rf7 a5 38. Nf6 a4 39. d5+ Kb5 40. Ne4 Bb4 41. d6 a3 42. d7 a2 43. Ba1 Kc6 44. Kf2 Rd8 45. Nf6 Be7 46. Rxe7 1-0


[Site "https://www.chess.com"]

[Event "Titled Tuesday Blitz October 18 Late 2022"]
[White "Bulgurlu, Okan"]
[Black "Melikhov, Evgeny V."]
[WhiteFideId "6352316"]
[BlackFideId "4122046"]
[WhiteElo "2196"]
[BlackElo "2169"]
[Result "0-1"]
[Round "10"]
[TimeControl "180+1"]
[Date "2022.10.19"]
[WhiteClock "0:01:34"]
[BlackClock "0:01:03"]

1. Nf3 f5 2. b3 d6 3. Bb2 e5 4. e3 Nf6 5. Be2 g6 6. O-O Bg7 7. d4 e4 8. Ng5 O-O 9. h4 c6 10. Nd2 a5 11. c4 Na6 12. Rc1 Nc7 13. d5 c5 14. f3 exf3 15. Ndxf3 Qe7 16. Qd3 Bd7 17. Rfe1 Rae8 18. Bd1 h6 19. Nh3 Ne4 20. Nf4 Bxb2 21. Nxg6 Qg7 22. Nxf8 Bxc1 23. Nxd7 Qxd7 24. Bc2 Bb2 25. Nd2 Bg7 26. Nxe4 fxe4 27. Qe2 Rf8 28. Qh5 Qf5 29. Qxf5 Rxf5 30. Bxe4 Re5 31. Bf3 Ne8 32. e4 Nf6 33. Kf2 Nd7 34. Ke3 Re7 35. g4 Bd4+ 36. Kd2 Ne5 37. Bd1 Rf7 38. Be2 Rf2 39. Rh1 Kg7 40. g5 h5 41. Ke1 Kg6 42. Rh3 Rg2 43. Kf1 Rg1# 0-1


[Site "https://www.chess.com"]

[Event "Titled Tuesday Blitz October 18 Late 2022"]
[White "Burke, Paul"]
[Black "Roque Sola, Jose Luis"]
[WhiteFideId "2605767"]
[BlackFideId "5120390"]
[WhiteElo "1903"]
[BlackElo "2117"]
[Result "1/2-1/2"]
[Round "10"]
[TimeControl "180+1"]
[Date "2022.10.19"]
[WhiteClock "0:02:55"]
[BlackClock "0:02:02"]

1. e4 e6 2. d4 d5 3. e5 c5 4. Qg4 cxd4 5. Nf3 Nc6 6. Bd3 Qc7 7. O-O Nxe5 8. Nxe5 Qxe5 9. Bf4 Qf6 10. Bg5 Qe5 11. Bf4 Qf6 12. Bg5 Qe5 13. Bf4 1/2-1/2


[Site "https://www.chess.com"]

[Event "Titled Tuesday Blitz October 18 Late 2022"]
[White "Can, Melih Kaan"]
[Black "Wiegmann, Sascha"]
[WhiteFideId "6317383"]
[BlackFideId "4682041"]
[WhiteElo "2029"]
[BlackElo "2303"]
[Result "1-0"]
[Round "10"]
[TimeControl "180+1"]
[Date "2022.10.19"]
[WhiteClock "0:00:54"]
[BlackClock "0:00:17"]

1. d4 Nf6 2. c4 g6 3. Nc3 Bg7 4. e4 O-O 5. Nf3 d6 6. Be2 e5 7. O-O Nc6 8. d5 Ne7 9. Ne1 Nd7 10. Be3 f5 11. f3 f4 12. Bf2 g5 13. Nd3 Rf7 14. c5 Ng6 15. Rc1 Nf6 16. cxd6 cxd6 17. Nb5 h5 18. Qc2 g4 19. Nc7 Rb8 20. Ne6 Bxe6 21. dxe6 Re7 22. Nb4 g3 23. hxg3 fxg3 24. Bxg3 Bh6 25. Nd5 Nxd5 26. exd5 Rg7 27. Qf5 h4 28. Bh2 Qb6+ 29. Kh1 Bxc1 30. Rxc1 Qxb2 31. Qc2 Qb6 32. Bd3 Nf4 33. Bxf4 exf4 34. Bf5 Qd4 35. Qc8+ Rxc8 36. Rxc8# 1-0


[Site "https://www.chess.com"]

[Event "Titled Tuesday Blitz October 18 Late 2022"]
[White "Carbone, Diego"]
[Black "Sernecki, Franciszek"]
[WhiteFideId "3002179"]
[BlackFideId "1169297"]
[WhiteElo "2243"]
[BlackElo "2209"]
[Result "0-1"]
[Round "10"]
[TimeControl "180+1"]
[Date "2022.10.19"]
[WhiteClock "0:00:16"]
[BlackClock "0:01:02"]

1. d4 d5 2. c4 Nc6 3. Nc3 e5 4. cxd5 Nxd4 5. e3 Nf5 6. Bb5+ Bd7 7. Qa4 Nd6 8. Bxd7+ Qxd7 9. Nf3 f6 10. Bd2 Qxa4 11. Nxa4 Ne4 12. O-O O-O-O 13. Nc3 Nxc3 14. Bxc3 Rxd5 15. e4 Rd7 16. Rfd1 Rxd1+ 17. Rxd1 Bd6 18. Kf1 Ne7 19. Ke2 Rd8 20. h4 Bc5 21. Rxd8+ Kxd8 22. b4 Bb6 23. a4 a6 24. h5 Kd7 25. g4 Ke6 26. g5 Nc6 27. gxf6 gxf6 28. Bd2 Nd4+ 29. Nxd4+ Bxd4 30. a5 b5 31. axb6 cxb6 32. f3 Kd6 33. Kd3 Bf2 34. Bc1 Bg3 35. Bd2 Bf4 36. Be1 Bg5 37. b5 axb5 38. Kc3 Be3 39. Bh4 Kc5 40. Bxf6 b4+ 41. Kd3 Bf4 42. Bh4 Kb5 43. Bf2 Ka5 44. Kc4 Ka4 45. Be1 b5+ 46. Kd5 b3 47. Bc3 Ka3 48. Kc5 b2 49. Bxb2+ Kxb2 50. Kxb5 h6 51. Kc5 Kc2 52. Kd5 Kd2 53. Ke6 Ke3 54. Kf5 Kxf3 0-1


[Site "https://www.chess.com"]

[Event "Titled Tuesday Blitz October 18 Late 2022"]
[White "Castellanos Gomez, Alejandro"]
[Black "Ovezdurdyyeva, Jemal"]
[WhiteFideId "22284141"]
[BlackFideId "14001888"]
[WhiteElo "2168"]
[BlackElo "1961"]
[Result "1/2-1/2"]
[Round "10"]
[TimeControl "180+1"]
[Date "2022.10.19"]
[WhiteClock "0:00:01"]
[BlackClock "0:00:06"]

1. d4 Nf6 2. Bf4 e6 3. e3 Be7 4. Nd2 b6 5. Bd3 Bb7 6. Ngf3 O-O 7. c3 c5 8. a4 Nc6 9. h3 d6 10. O-O e5 11. Bh2 exd4 12. exd4 cxd4 13. cxd4 d5 14. Rc1 Bd6 15. Nb3 Bxh2+ 16. Nxh2 Qd6 17. Ng4 Ne4 18. f3 Ng3 19. Re1 Rfe8 20. Qd2 f5 21. Nf2 Qf6 22. Qf4 Qg6 23. Ng4 Ne2+ 24. Bxe2 fxg4 25. hxg4 Rf8 26. Qg3 Qf6 27. Qf2 a6 28. Bd3 Rae8 29. Rxe8 Rxe8 30. Re1 Rf8 31. Qe3 g6 32. Qe6+ Qxe6 33. Rxe6 Kf7 34. Rd6 Ke7 35. Rxd5 Nb4 36. Re5+ Kd6 37. Be4 Bxe4 38. Rxe4 Kd5 39. Re7 Kc4 40. Nd2+ Kxd4 41. Rxh7 Kd3 42. Rd7+ Kc2 43. Nc4 b5 44. axb5 axb5 45. Nd6 Rb8 46. Rg7 Nd3 47. Rxg6 b4 48. Nc4 Nxb2 49. Rc6 Nxc4 50. Rxc4+ Kd3 51. Rc1 b3 52. Kf2 b2 53. Rb1 Kc2 54. Re1 Rd8 55. Kg3 Rd1 56. Re2+ Rd2 57. Re1 Rd1 58. Re2+ Rd2 59. Re1 Rd1 1/2-1/2


[Site "https://www.chess.com"]

[Event "Titled Tuesday Blitz October 18 Late 2022"]
[White "Celestino, Rafael Teixeira"]
[Black "Adewumi, Tanitoluwa"]
[WhiteFideId "2108925"]
[BlackFideId "30966396"]
[WhiteElo "2394"]
[BlackElo "2534"]
[Result "0-1"]
[Round "10"]
[TimeControl "180+1"]
[Date "2022.10.19"]
[WhiteClock "0:00:02"]
[BlackClock "0:00:05"]

1. e4 c5 2. Nf3 e6 3. d4 cxd4 4. Nxd4 Nc6 5. Nc3 Qc7 6. Ndb5 Qb8 7. Be3 a6 8. Nd4 Nf6 9. Bd3 Be7 10. O-O h5 11. h3 b5 12. f4 Bc5 13. Nce2 Qa7 14. c3 Bb7 15. Kh1 Nxd4 16. cxd4 Bb6 17. a4 bxa4 18. Qxa4 Nxe4 19. f5 O-O 20. Rf4 exf5 21. Rxf5 Rae8 22. Rxh5 g6 23. Rh4 Ng3+ 24. Nxg3 Rxe3 25. Nf5 Rxd3 26. Ne7+ Kg7 27. d5 Rd4 28. Rxd4 Bxd4 29. Rf1 Qc5 30. Qxd7 Bf6 31. d6 Bxe7 32. Qxe7 Qd5 33. Qf6+ Kg8 34. Rf2 Re8 35. d7 Qxd7 0-1


[Site "https://www.chess.com"]

[Event "Titled Tuesday Blitz October 18 Late 2022"]
[White "Cruz, William Ferreira Da"]
[Black "Kovacevic, Radmila"]
[WhiteFideId "2118050"]
[BlackFideId "933171"]
[WhiteElo "2223"]
[BlackElo "2208"]
[Result "0-1"]
[Round "10"]
[TimeControl "180+1"]
[Date "2022.10.19"]
[WhiteClock "0:02:14"]
[BlackClock "0:02:24"]

1. d4 e5 2. dxe5 Nc6 3. Nf3 Qe7 4. Qd5 f6 5. exf6 Nxf6 6. Qd1 d5 7. e3 Bg4 8. Be2 O-O-O 9. Nd4 Bxe2 10. Qxe2 Nxd4 11. exd4 Qb4+ 12. c3 Qb6 13. O-O Bd6 14. Bg5 Rde8 15. Qf3 Ne4 16. Bc1 Rhf8 17. Qd3 Nxf2 18. Nd2 Nxd3 0-1


[Site "https://www.chess.com"]

[Event "Titled Tuesday Blitz October 18 Late 2022"]
[White "Curtis, John"]
[Black "Rego, Pedro Filipe"]
[WhiteFideId "3200256"]
[BlackFideId "1904310"]
[WhiteElo "2203"]
[BlackElo "2200"]
[Result "0-1"]
[Round "10"]
[TimeControl "180+1"]
[Date "2022.10.19"]
[WhiteClock "0:00:21"]
[BlackClock "0:00:14"]

1. e4 c5 2. Nf3 d6 3. d4 cxd4 4. Nxd4 Nf6 5. Nc3 Nc6 6. Bc4 Qb6 7. Ndb5 Bd7 8. Be3 Qa5 9. Bd2 a6 10. Nd5 Nxd5 11. exd5 Qb6 12. dxc6 Qxc6 13. Bd5 Qxb5 14. Qf3 e6 15. Bb3 Qe5+ 16. Be3 Bc6 17. Qg4 Qxb2 18. O-O Qf6 19. Rfe1 Qg6 20. Bg5 Be7 21. h4 h6 22. Bxe6 hxg5 23. Bb3 Rxh4 24. Qe2 Re4 25. Qd2 Qf5 26. f3 Re5 27. Rxe5 Qxe5 28. Re1 Qf6 29. Bc4 O-O-O 30. Qe3 Re8 31. Qa7 Bd8 32. Bxa6 Bc7 33. Rxe8+ Bxe8 34. Qxb7+ Kd8 35. Qa8+ Ke7 36. Qe4+ Qe5 37. Qb7 Qc5+ 38. Kf1 Bd7 39. Ke1 Be6 40. g4 Kf6 41. Bd3 Ba5+ 42. Ke2 Bc4 43. Qb2+ Ke7 44. Qxg7 Bxd3+ 45. cxd3 Qe5+ 46. Qxe5+ dxe5 47. Ke3 Kd6 48. Ke4 Bc3 49. a4 Bd2 50. d4 exd4 51. Kxd4 Bf4 52. Ke4 Kc6 53. Kf5 Kb6 54. Kf6 Ka5 55. Kxf7 Kxa4 56. Kf6 Kb4 57. Kf5 Kc3 58. Ke4 Kd2 59. Kd4 Ke2 60. Ke4 Kf2 61. Kf5 Kxf3 62. Kg6 Kxg4 63. Kf6 Kf3 64. Ke6 g4 65. Kd5 g3 66. Kc4 g2 67. Kd3 g1=Q 68. Kc2 Qe3 69. Kd1 Qe2# 0-1


[Site "https://www.chess.com"]

[Event "Titled Tuesday Blitz October 18 Late 2022"]
[White "D`Arruda, Ricardo D."]
[Black "Kanter, Eduard"]
[WhiteFideId "100692"]
[BlackFideId "4103963"]
[WhiteElo "2391"]
[BlackElo "2267"]
[Result "1/2-1/2"]
[Round "10"]
[TimeControl "180+1"]
[Date "2022.10.19"]
[WhiteClock "0:00:17"]
[BlackClock "0:00:04"]

1. d4 d5 2. Nf3 Nf6 3. c4 e6 4. e3 a6 5. c5 b6 6. cxb6 cxb6 7. Nc3 Bb7 8. Bd3 Nc6 9. O-O Be7 10. Ne5 Nxe5 11. dxe5 Ne4 12. Bxe4 dxe4 13. Qg4 O-O 14. Nxe4 Bxe4 15. Qxe4 Rc8 16. Qa4 a5 17. e4 Qc7 18. Bf4 Qc2 19. Qxc2 Rxc2 20. Rab1 g5 21. Be3 b5 22. Rfc1 Rfc8 23. h3 R8c4 24. Kf1 h5 25. Ke1 g4 26. hxg4 hxg4 27. Rxc2 Rxc2 28. Kd1 Rc4 29. f3 Bc5 30. Bd2 Bd4 31. Bxa5 Ra4 32. Bc3 Bxc3 33. bxc3 Rxa2 34. fxg4 Rxg2 35. Rxb5 Rxg4 36. Kd2 Rxe4 37. Kd3 Re1 38. c4 Kg7 39. Kd4 Kg6 40. Rb7 Rd1+ 41. Kc5 f6 42. exf6 Kxf6 43. Kc6 Kf5 44. Rb8 e5 45. Rf8+ Ke4 46. c5 Ke3 47. Re8 e4 48. Kc7 Kf3 49. c6 e3 50. Kc8 e2 51. c7 e1=Q 52. Rxe1 Rxe1 53. Kb7 Rc1 54. c8=Q Rxc8 55. Kxc8 1/2-1/2


[Site "https://www.chess.com"]

[Event "Titled Tuesday Blitz October 18 Late 2022"]
[White "De La Colina, Nicolas"]
[Black "Hirneise, Jens"]
[WhiteFideId "30946921"]
[BlackFideId "24614734"]
[WhiteElo "2046"]
[BlackElo "2344"]
[Result "0-1"]
[Round "10"]
[TimeControl "180+1"]
[Date "2022.10.19"]
[WhiteClock "0:00:02"]
[BlackClock "0:01:13"]

1. Nf3 b6 2. e4 Bb7 3. Nc3 e6 4. d4 Bb4 5. Bd3 Nf6 6. Qe2 d5 7. exd5 Qxd5 8. O-O Qh5 9. Ne5 Qxe2 10. Nxe2 Bd6 11. Bf4 Nh5 12. Be3 Nf6 13. c3 Bxe5 14. dxe5 Nd5 15. Bd2 Nd7 16. f4 Nc5 17. Bc2 g6 18. Rad1 O-O-O 19. Bc1 h5 20. a3 Ba6 21. Kf2 Ne7 22. Rfe1 Bd3 23. Nd4 Bxc2 24. Nxc2 Nd3+ 25. Ke2 Nxe1 26. Rxe1 Nf5 27. g3 Rd7 28. a4 a5 29. Na3 Kb7 30. Nc4 Ka6 31. Na3 c6 32. Rg1 b5 33. axb5+ cxb5 34. Nc2 Rc8 35. Ne1 b4 36. cxb4 axb4 37. Nf3 Rc2+ 38. Bd2 Nd4+ 39. Nxd4 Rxd4 40. Ra1+ Kb5 41. Rd1 Ka4 42. Ke1 Kb3 43. Ke2 0-1


[Site "https://www.chess.com"]

[Event "Titled Tuesday Blitz October 18 Late 2022"]
[White "Domingo Nunez, Ruben"]
[Black "Mickiewicz, Piotr"]
[WhiteFideId "22245570"]
[BlackFideId "1114891"]
[WhiteElo "2406"]
[BlackElo "2246"]
[Result "1-0"]
[Round "10"]
[TimeControl "180+1"]
[Date "2022.10.19"]
[WhiteClock "0:00:02"]
[BlackClock "0:00:02"]

1. e4 c6 2. Nf3 d5 3. Nc3 Nf6 4. e5 Ne4 5. Ne2 Bg4 6. d4 e6 7. Nfg1 Bxe2 8. Bxe2 c5 9. Nf3 Nc6 10. O-O Qb6 11. c3 cxd4 12. cxd4 Be7 13. Be3 O-O 14. Bd3 f5 15. exf6 Nxf6 16. h3 Bd6 17. a3 Rae8 18. b4 a6 19. Rc1 h6 20. Ne5 Bxe5 21. dxe5 d4 22. exf6 dxe3 23. Qh5 exf2+ 24. Kh1 Rd8 25. fxg7 Rf6 26. Rcd1 Qe3 27. Qh4 Kxg7 28. Bc2 Rxd1 29. Bxd1 Ne5 30. Qh5 Ng6 31. Bf3 Nf4 32. Qg4+ Rg6 33. Qh4 Nd3 34. Qc4 Rf6 35. Qc3 Qe1 36. Qxd3 e5 37. Kh2 e4 38. Bxe4 1-0


[Site "https://www.chess.com"]

[Event "Titled Tuesday Blitz October 18 Late 2022"]
[White "Eisa Mohmood, Alkhoori"]
[Black "Chan, Kim Yew"]
[WhiteFideId "9316116"]
[BlackFideId "5717981"]
[WhiteElo "1245"]
[BlackElo "2206"]
[Result "0-1"]
[Round "10"]
[TimeControl "180+1"]
[Date "2022.10.19"]
[WhiteClock "0:00:02"]
[BlackClock "0:00:09"]

1. e4 e5 2. Nf3 Nf6 3. Nxe5 d6 4. Nxf7 Kxf7 5. Nc3 Qe8 6. d4 g6 7. Bd3 Bg7 8. O-O Rf8 9. f4 Kg8 10. e5 Bg4 11. Qe1 Nfd7 12. Nd5 Qd8 13. h3 Be6 14. Ne3 dxe5 15. dxe5 Nc5 16. Be2 Nc6 17. c3 Nd3 18. Bxd3 Qxd3 19. Qf2 Rad8 20. Qg3 Qe4 21. Nd1 Rd3 22. Nf2 Rxg3 23. Nxe4 Rd3 24. Nc5 Bc4 25. Nxd3 Bxd3 26. Rd1 Bf5 27. Rd7 Bxd7 0-1


[Site "https://www.chess.com"]

[Event "Titled Tuesday Blitz October 18 Late 2022"]
[White "Eljanov, Pavel"]
[Black "Timmermans, Mark"]
[WhiteFideId "14102951"]
[BlackFideId "1026399"]
[WhiteElo "2601"]
[BlackElo "2460"]
[Result "0-1"]
[Round "10"]
[TimeControl "180+1"]
[Date "2022.10.18"]
[WhiteClock "0:00:04"]
[BlackClock "0:00:53"]

1. c4 Nf6 2. g3 e6 3. Bg2 d5 4. Nf3 Be7 5. O-O O-O 6. d3 b6 7. cxd5 Nxd5 8. e4 Nf6 9. Re1 Bb7 10. Nc3 c5 11. d4 cxd4 12. Nxd4 Nfd7 13. e5 Bxg2 14. Kxg2 Qc7 15. Qf3 Nxe5 16. Qxa8 Nbc6 17. Ndb5 Qd7 18. Rd1 Rxa8 19. Rxd7 Nxd7 20. Bf4 Nb4 21. Rd1 Nf6 22. Bg5 a6 23. a3 axb5 24. axb4 Bxb4 25. Bxf6 gxf6 26. Nxb5 Ra2 27. Rb1 Bc5 28. Nc3 Ra7 29. b4 Bd4 30. Nb5 Rd7 31. Rd1 e5 32. Kf3 f5 33. Nxd4 exd4 34. Kf4 Rd5 35. Rc1 Kg7 36. f3 h6 37. h4 Kg6 0-1


[Site "https://www.chess.com"]

[Event "Titled Tuesday Blitz October 18 Late 2022"]
[White "Ezat, Mohamed"]
[Black "Ardila, Oscar Humberto"]
[WhiteFideId "10600906"]
[BlackFideId "4404742"]
[WhiteElo "2386"]
[BlackElo "1898"]
[Result "1-0"]
[Round "10"]
[TimeControl "180+1"]
[Date "2022.10.19"]
[WhiteClock "0:00:11"]
[BlackClock "0:00:01"]

1. d4 Nf6 2. c4 g6 3. Nc3 Bg7 4. e4 d6 5. Be2 O-O 6. Bg5 Nbd7 7. Qd2 c6 8. h4 h5 9. f3 e5 10. d5 c5 11. Nh3 a6 12. Nf2 Qc7 13. g4 Rb8 14. Rg1 Re8 15. a3 b5 16. cxb5 axb5 17. Bxb5 Qb6 18. Bxf6 Nxf6 19. Bxe8 Nxe8 20. gxh5 Qxb2 21. Qxb2 Rxb2 22. hxg6 fxg6 23. a4 Ba6 24. Nb5 Kf7 25. Ng4 Ke7 26. Ne3 Bh6 27. Nc4 Rh2 28. Rb1 Bf4 29. Kd1 Rxh4 30. Rxg6 Rh1+ 31. Kc2 Rh2+ 32. Kb3 Rh3 33. Rf1 Kf7 34. Re6 Bxb5 35. axb5 Nc7 36. Nxd6+ Kf8 37. Rg6 Ke7 38. b6 Na6 39. Re6+ Kd7 40. Kc4 Rh2 41. Kb5 Ra2 42. Nc4 Nb4 43. Rh1 Kd8 44. Rh8+ Kd7 45. Rh7+ Kd8 46. Rg6 Nd3 47. Rg8# 1-0


[Site "https://www.chess.com"]

[Event "Titled Tuesday Blitz October 18 Late 2022"]
[White "Fajdetic, Hrvoje"]
[Black "Fernandez De La Vara, Arnaldo"]
[WhiteFideId "14501945"]
[BlackFideId "3518388"]
[WhiteElo "2172"]
[BlackElo "2387"]
[Result "1-0"]
[Round "10"]
[TimeControl "180+1"]
[Date "2022.10.19"]
[WhiteClock "0:00:22"]
[BlackClock "0:00:03"]

1. d4 c5 2. d5 Nf6 3. Nc3 a6 4. a4 d6 5. e4 g6 6. Bf4 Bg7 7. Be2 O-O 8. Nf3 Nbd7 9. O-O Ne8 10. Re1 Rb8 11. Bf1 Nc7 12. e5 dxe5 13. Nxe5 Nxe5 14. Bxe5 b5 15. axb5 axb5 16. Bxc7 Qxc7 17. Nxb5 Qd7 18. Ra7 Rb7 19. Rxb7 Bxb7 20. Nc3 Rd8 21. Bc4 Bxc3 22. bxc3 Bxd5 23. Bxd5 Qxd5 24. Qxd5 Rxd5 25. Kf1 e6 26. Re4 Kg7 27. Ke2 Kf6 28. f4 h5 29. g3 h4 30. c4 Rd7 31. Re5 hxg3 32. hxg3 Rc7 33. Ke3 Ke7 34. g4 f6 35. Re4 Kd6 36. g5 fxg5 37. fxg5 e5 38. Rh4 Ke6 39. Ke4 Rd7 40. c3 Rd1 41. Rh8 Re1+ 42. Kf3 Kf5 43. Rc8 Kxg5 44. Rxc5 Kf5 45. Rc8 Rc1 46. Rf8+ Ke6 47. Re8+ Kf6 48. Rf8+ Ke7 49. Rg8 Kf7 50. Rc8 Rf1+ 51. Ke4 Re1+ 52. Kd5 g5 53. c5 g4 54. Rb8 g3 55. Rb2 Ke7 56. Rg2 Re3 57. c6 Kd8 58. Kd6 e4 59. c4 Rf3 60. Ra2 Rf7 61. Ra8# 1-0


[Site "https://www.chess.com"]

[Event "Titled Tuesday Blitz October 18 Late 2022"]
[White "Firouzja, Alireza"]
[Black "Maksimovic, Bojan"]
[WhiteFideId "12573981"]
[BlackFideId "14408120"]
[WhiteElo "2903"]
[BlackElo "2447"]
[Result "1/2-1/2"]
[Round "10"]
[TimeControl "180+1"]
[Date "2022.10.18"]
[WhiteClock "0:00:04"]
[BlackClock "0:00:06"]

1. d4 Nf6 2. c4 g6 3. Nc3 Bg7 4. e4 d6 5. h3 Nbd7 6. Nf3 e5 7. Be3 O-O 8. d5 Nc5 9. Nd2 Nh5 10. b4 Nd7 11. c5 a5 12. cxd6 cxd6 13. b5 b6 14. Nc4 Nc5 15. g3 Bf6 16. Be2 Ng7 17. h4 h5 18. Qc2 Be7 19. Na4 Nxa4 20. Qxa4 Rb8 21. O-O-O f5 22. f3 Bd7 23. Kb1 Ne8 24. Rc1 f4 25. gxf4 exf4 26. Bf2 Bf6 27. Bd3 Kh7 28. Rhg1 Be5 29. Nxe5 dxe5 30. Rg5 Qe7 31. Be1 Nd6 32. Bc3 Nf7 33. Rgg1 Rbc8 34. Bb2 Qxh4 35. Qa3 Qf6 36. Rc6 Bxc6 37. bxc6 Nd6 38. Qb3 b5 39. Qc3 Rfe8 40. Qxa5 Nc4 41. Bxc4 bxc4 42. Qc5 Rb8 43. Ka1 Qh4 44. c7 Rxb2 45. Kxb2 Qh2+ 46. Kc3 Qxa2 47. Qb4 Qe2 48. Rc1 Qxf3+ 49. Kb2 Qxe4 50. Rxc4 Qxd5 51. c8=Q Rxc8 52. Rxc8 Kh6 53. Rc5 Qg2+ 54. Kc1 Qf1+ 55. Kc2 Qe2+ 56. Qd2 Qe4+ 57. Qd3 Qa4+ 58. Kd2 Qb4+ 59. Qc3 Qxc3+ 60. Kxc3 Kg5 61. Kd3 Kg4 62. Rxe5 h4 63. Ke2 g5 64. Kf2 h3 65. Re8 Kf5 66. Rh8 g4 67. Rh5+ Kg6 68. Rh8 g3+ 69. Kf3 h2 70. Kg2 Kg5 71. Rh7 Kg4 72. Rg7+ Kf5 73. Rf7+ Kg4 74. Rg7+ Kf5 75. Rf7+ Kg4 76. Rg7+ 1/2-1/2


[Site "https://www.chess.com"]

[Event "Titled Tuesday Blitz October 18 Late 2022"]
[White "Floresvillar Gonzalez, Luis Migu"]
[Black "Cosoi Scherzer, Alejandro"]
[WhiteFideId "5100542"]
[BlackFideId "3401430"]
[WhiteElo "2040"]
[BlackElo "1967"]
[Result "1-0"]
[Round "10"]
[TimeControl "180+1"]
[Date "2022.10.19"]
[WhiteClock "0:01:17"]
[BlackClock "0:00:03"]

1. e4 e5 2. Nf3 Nf6 3. d4 Nxe4 4. dxe5 Bc5 5. Nd4 Nxf2 6. Kxf2 Qh4+ 7. g3 Qxd4+ 8. Qxd4 Bxd4+ 9. Ke2 Bxe5 10. Bg2 O-O 11. Re1 Nc6 12. c3 d6 13. Bf4 Bg4+ 14. Kf2 Rfe8 15. Bxc6 bxc6 16. Bxe5 Rxe5 17. Rxe5 dxe5 18. Nd2 Be6 19. a3 f5 20. Re1 e4 21. Nf3 c5 22. Ng5 Bb3 23. Re2 Rd8 24. Ke3 Rd3+ 25. Kf4 h6 26. Kxf5 hxg5 27. Rxe4 Rd6 28. Kxg5 Kf7 29. Re5 Rd5 30. Kf4 Rxe5 31. Kxe5 a5 32. h4 Kg6 33. g4 Bd1 34. Kf4 Kf6 35. h5 a4 36. g5+ Kf7 37. h6 gxh6 38. gxh6 Kg6 39. Ke5 Kxh6 40. Kd5 Kg7 41. Kxc5 Bf3 42. Kb5 Bd1 43. Kc6 Kf6 44. Kxc7 Ke5 45. Kc6 Ke4 46. Kc5 Kd3 47. Kb4 Bb3 48. c4 Kc2 49. c5 Kxb2 50. c6 Be6 51. Kxa4 Ka2 52. Kb4 Bc8 53. a4 Kb2 54. a5 Kc2 55. Kc5 Kb3 56. Kb6 Ka4 57. a6 Kb4 58. a7 Kc4 59. a8=Q Be6 60. Qa2+ Kd4 61. Qxe6 Kd3 62. c7 Kd2 63. Qd7+ Kc1 64. c8=Q+ Kb1 65. Qb5+ Ka1 66. Qca6# 1-0


[Site "https://www.chess.com"]

[Event "Titled Tuesday Blitz October 18 Late 2022"]
[White "Galaktionov, Artem"]
[Black "Riehle, Marco"]
[WhiteFideId "24175471"]
[BlackFideId "12904392"]
[WhiteElo "2278"]
[BlackElo "2462"]
[Result "1-0"]
[Round "10"]
[TimeControl "180+1"]
[Date "2022.10.18"]
[WhiteClock "0:01:18"]
[BlackClock "0:00:30"]

1. d4 d5 2. Nf3 Nf6 3. c4 e6 4. Nc3 c5 5. cxd5 Nxd5 6. e4 Nxc3 7. bxc3 cxd4 8. cxd4 Bb4+ 9. Bd2 Bxd2+ 10. Qxd2 O-O 11. Bd3 Nc6 12. e5 h6 13. Be4 Bd7 14. O-O Na5 15. d5 exd5 16. Bxd5 Bc6 17. Rfd1 b6 18. Rac1 Bxd5 19. Qxd5 Qxd5 20. Rxd5 Rac8 21. Rcd1 Rc2 22. a4 Ra2 23. Rd7 Rxa4 24. Rxa7 Rb4 25. h3 Nb3 26. Rdd7 Nc5 27. Re7 b5 28. Rac7 Ne6 29. Rb7 Nc5 30. Rb6 Rb1+ 31. Kh2 b4 32. Nd4 b3 33. Rc7 Rd8 34. Nc6 Re8 35. f4 Ne4 36. Ne7+ Kh7 37. Nf5 Kg8 38. Rbb7 Rf8 39. e6 b2 40. Rxf7 Rxf7 41. exf7+ Kf8 42. Nh4 Nf2 43. Ng6# 1-0


[Site "https://www.chess.com"]

[Event "Titled Tuesday Blitz October 18 Late 2022"]
[White "Galchenko, Matvey"]
[Black "Zou, Chen"]
[WhiteFideId "24175480"]
[BlackFideId "8610959"]
[WhiteElo "2423"]
[BlackElo "2325"]
[Result "1-0"]
[Round "10"]
[TimeControl "180+1"]
[Date "2022.10.18"]
[WhiteClock "0:00:56"]
[BlackClock "0:00:01"]

1. f4 d6 2. Nf3 Nf6 3. g3 g6 4. Bg2 Bg7 5. d3 O-O 6. O-O Nbd7 7. Nc3 c6 8. e4 Qc7 9. h3 b5 10. a3 Bb7 11. g4 a5 12. Ne2 b4 13. Ng3 Nc5 14. g5 Nfd7 15. h4 b3 16. c4 Rab8 17. h5 Na4 18. Qxb3 Ndc5 19. Qc2 Bc8 20. Rb1 Nb3 21. Be3 Bg4 22. Nh2 Bxh5 23. Nxh5 gxh5 24. Nf3 Rb7 25. f5 Rfb8 26. f6 exf6 27. gxf6 Bxf6 28. d4 Kh8 29. e5 dxe5 30. dxe5 Bxe5 31. Nxe5 Qxe5 32. Bf4 Qc5+ 33. Kh1 Rg8 34. Bh2 h4 35. Rf5 Rxg2 36. Kxg2 Nd4 37. Rxc5 Nxc2 38. Be5+ Kg8 39. Rxc6 f6 40. Bxf6 Ne3+ 41. Kh3 Nf5 42. b3 Nb6 43. Rf1 Ng3 44. Rf4 Nh5 45. Rg4+ Kf7 46. Bxh4 Nd7 47. Re4 Rxb3+ 48. Kh2 Rb2+ 49. Kg1 Rb1+ 50. Re1 Rb3 51. Re7+ Kf8 52. Rc8# 1-0


[Site "https://www.chess.com"]

[Event "Titled Tuesday Blitz October 18 Late 2022"]
[White "Golubev, Mikhail"]
[Black "Pavlidou, Ekaterini"]
[WhiteFideId "14100983"]
[BlackFideId "4213262"]
[WhiteElo "2374"]
[BlackElo "2125"]
[Result "0-1"]
[Round "10"]
[TimeControl "180+1"]
[Date "2022.10.19"]
[WhiteClock "0:00:17"]
[BlackClock "0:01:34"]

1. e4 c5 2. Nf3 e6 3. d4 cxd4 4. Nxd4 Nf6 5. Nc3 Nc6 6. Ndb5 Bc5 7. Bf4 O-O 8. Bd6 Bxd6 9. Nxd6 b5 10. Ndxb5 Rb8 11. Rb1 d5 12. exd5 exd5 13. Nd4 Re8+ 14. Be2 Nxd4 15. Qxd4 Ba6 16. Kf1 Rxe2 17. Nxe2 Qe7 18. Re1 Re8 19. Qd1 Ng4 20. h3 Nxf2 21. Qd4 Nxh1 0-1


[Site "https://www.chess.com"]

[Event "Titled Tuesday Blitz October 18 Late 2022"]
[White "Gorodetzky, David"]
[Black "Nakamura, Hikaru"]
[WhiteFideId "2813416"]
[BlackFideId "2016192"]
[WhiteElo "2487"]
[BlackElo "2909"]
[Result "1/2-1/2"]
[Round "10"]
[TimeControl "180+1"]
[Date "2022.10.18"]
[WhiteClock "0:00:04"]
[BlackClock "0:00:27"]

1. e4 g5 2. d4 h6 3. h4 g4 4. Nc3 d6 5. Be3 c6 6. a4 Bg7 7. Nge2 h5 8. Ng3 Nd7 9. Qd2 e6 10. Be2 Ne7 11. f3 Ng6 12. fxg4 hxg4 13. h5 Ngf8 14. e5 dxe5 15. Nce4 Nf6 16. h6 Nxe4 17. Nxe4 Bf6 18. Nxf6+ Qxf6 19. dxe5 Qd8 20. Qxd8+ Kxd8 21. O-O-O+ Ke8 22. Bg5 Bd7 23. Bd3 f5 24. exf6 Kf7 25. h7 e5 26. Bh6 Ne6 27. Bf5 Bc8 28. Bxe6+ Bxe6 29. Bg7 Bf5 30. Bxh8 Rxh8 31. Rh5 Bg6 32. Rxe5 Kxf6 33. Re2 Rxh7 34. Rf1+ Kg5 35. Re5+ Kh4 36. Re3 Kg5 37. Re5+ Kh4 38. Re3 Kg5 39. g3 Rh2 40. Rc3 Be4 41. Re1 Bd5 42. Rd1 Rg2 43. Rd2 Rg1+ 44. Rd1 Rg2 45. Rd2 Rg1+ 46. Rd1 Rg2 1/2-1/2


[Site "https://www.chess.com"]